cohdb
Replays
Latest Replays
All Replays
Popular Replays
Top Player Replays
Match Explorer
How It Works
Community
CoH3 Stats
Reddit
Sign in to upload your games and track your stats! →
Sign in with Steam
Match 42938131
Unlisted
Match 42938131
Overview
Messages
Build Orders
End
Engineer Squad
Construct Barracks
Selects Armored Battlegroup
Selects Veteran Crews
1⁄4-ton 4x4 Truck
Riflemen Squad
Riflemen Squad
Infantry Support Center
Construct Weapon Support Center
M1 Mortar Team
Grenade Package
Bazooka Squad
M1918 Browning Automatic Rifles
Construct Medical Station
Selects Strength in Steel
Selects M31 Recovery Vehicle
M3 Armored Personnel Carrier
Selects War Machine
M3 Armored Personnel Carrier
M3 Armored Personnel Carrier
Bazooka Squad
Riflemen Squad
Selects M8 Scott SPG
harald halbgar
王牌坦克手
0
0
Comments
sign in to comment!
No comments posted yet!